 Dungeon Crawl Stone Soup version 0.20.0-8-g6b59dc7 (webtiles) character file.

2121 Chiseanne the Destroyer (level 9, -11/57 HPs)
             Began as a Demonspawn Wizard on May 30, 2017.
             Mangled by Menkaure (15 damage)
             ... on level 6 of the Dungeon.
             The game lasted 00:17:42 (8766 turns).

Chiseanne the Destroyer (Demonspawn Wizard)         Turns: 8766, Time: 00:17:43

Health: -11/57     AC:  7    Str:  9    XL:     9   Next: 8%
Magic:  26/30      EV: 19    Int: 22    God:
Gold:   312        SH:  0    Dex: 11    Spells: 15/24 levels left

rFire    + . .     SeeInvis .   a - +2 hand axe (elec)
rCold    + + .     Gourm    .   (no shield)
rNeg     . . .     Faith    .   y - +2 robe {rC+}
rPois    .         Spirit   .   u - +1 helmet
rElec    .         Reflect  .   g - scarf {rC+ rF+}
rCorr    .         Harm     .   I - +0 pair of gloves
MR       .....                  (no boots)
Stlth    ++........             (no amulet)
Regen    0.2/turn               h - +3 ring of evasion
MPRegen  0.3/turn               O - ring of magical power

@: repel missiles
A: repulsion field 3, rot immunity
a: no special abilities


You were on level 6 of the Dungeon.
You were not hungry.

You visited 2 branches of the dungeon, and saw 8 of its levels.

You collected 312 gold pieces.

Inventory:

Hand Weapons
 a - a +2 hand axe of electrocution (weapon)
 s - a +2 quarterstaff of chaos
 w - a +0 hunting sling of freezing
Missiles
 f - 172 stones (quivered)
 k - 27 bolts
 r - 92 sling bullets
 A - 104 arrows
 B - 16 poisoned needles
 H - 2 tomahawks
 N - 6 curare-tipped needles
Armour
 g - a scarf of resistance (worn)
 u - a +1 helmet (worn)
 y - a +2 robe of cold resistance (worn)
 I - a +0 pair of gloves (worn)
 L - a +0 cloak of poison resistance
Jewellery
 h - a +3 ring of evasion (left hand)
 l - an uncursed ring of poison resistance
 J - an uncursed ring of protection from magic
 K - an uncursed ring of wizardry
 O - a ring of magical power (right hand)
Wands
 P - a wand of lightning (3/15)
Scrolls
 e - 3 scrolls of amnesia
 i - 3 scrolls of immolation
 q - a scroll of magic mapping
 x - 2 scrolls of remove curse
 C - a scroll of teleportation
 F - a scroll of enchant armour
Potions
 b - 2 potions of lignification
 c - 3 potions of curing
 j - 2 potions of heal wounds {unknown}
 n - a potion of flight {unknown}
 o - 2 potions of invisibility
 p - a potion of ambrosia {unknown}
 t - 4 potions of magic
 v - a potion of degeneration {unknown}
 z - a potion of mutation {unknown}
 G - a potion of haste {unknown}
Books
 D - a book of Changes

   Spells                             Type                      Level
   a - Beastly Appendage              Transmutation                1
   b - Sticks to Snakes               Transmutation                2
   c - Spider Form                    Transmutation/Poison         3
   d - Ice Form                       Ice/Transmutation            4
   e - Blade Hands                    Transmutation                5
Comestibles
 d - 6 bread rations
 m - 2 royal jellies
 E - a meat ration
 M - 2 chunks of flesh


   Skills:
 - Level 1.7 Dodging
 - Level 1.7 Stealth
 * Level 8.3 Spellcasting
 * Level 8.6 Conjurations
   Level 1.0 Summonings
 - Level 0.8 Translocations


You had 15 spell levels left.
You knew the following spells:

 Your Spells              Type           Power        Failure   Level  Hunger
a - Magic Dart            Conj           ####         1%          1    None
b - Blink                 Tloc           N/A          8%          2    None
c - Conjure Flame         Conj/Fire      ####....     3%          3    None
d - Mephitic Cloud        Conj/Pois/Air  ###.....     7%          3    None


Dungeon Overview and Level Annotations

Branches:
Dungeon (7/15)             Temple (1/1) D:6

Altars:
Ashenzari
Dithmenos
Elyvilon
Fedhas
Gozag
Hepliaklqana
Kikubaaqudgha
Makhleb
Nemelex Xobeh
Okawaru
Qazlal
Ru
Sif Muna
Trog
Uskayaw
Xom
Yredelemnul
Zin
The Shining One

Shops:
D:4 (

Annotations:
D:6 Menkaure


Innate Abilities, Weirdness & Mutations

You are surrounded by a strong repulsion field. (EV +4, RMsl)
You are immune to rotting.


Message History

Menkaure calls on the powers of darkness!
Your body is wracked with pain!
Casting: Magic Dart
Confirm with . or Enter, or press ? or * to list all spells.
Aiming: Magic Dart
Press: ? - help, Shift-Dir - straight line, f/p - Menkaure
Aim: Menkaure (moderately damaged, fast)
The magic dart hits Menkaure.
Menkaure is severely damaged.
Menkaure hits you!!
* * * LOW HITPOINT WARNING * * *
Casting: Magic Dart
Confirm with . or Enter, or press ? or * to list all spells.
Aiming: Magic Dart
Press: ? - help, Shift-Dir - straight line, f/p - Menkaure
Aim: Menkaure (severely damaged, fast)
The magic dart hits Menkaure.
Menkaure is severely damaged.
Menkaure hits you!
You die...

#)#### .....#
..).################
....##......##.....#
...................#
######.............#
#...##.............#
.....#.............#
....##......##.M@..#
....##......##.....#
.............#.....#
.............#.....#
...................#
....##......####.###
....##......##..)..#
######.............#
...................#


You could see Menkaure.

Vanquished Creatures
  Grinder (D:5)
  Sigmund (D:3)
  A sky beast (D:6)
  2 phantoms
  A black bear (D:6)
  4 ogres
  An ice beast (D:5)
  A centaur (D:7)
  Blork the orc (D:4)
  A scorpion (D:4)
  A howler monkey (D:5)
  A crimson imp (D:5)
  3 hounds
  A quasit (D:6)
  2 jellies
  3 orc wizards
  An orc priest (D:3)
  Crazy Yiuf (D:5)
  2 iguanas
  2 centaur skeletons (D:4)
  2 worker ants (D:4)
  A hound skeleton (D:4)
  Robin (D:2)
  7 adders
  A shadow imp (D:6)
  3 oozes
  A worm (D:4)
  6 dart slugs
  9 leopard geckos
  6 orcs
  8 giant cockroaches
  15 goblins
  8 hobgoblins
  22 jackals
  6 kobolds
  3 quokkas
  A ball python (D:1)
  6 bats
  2 frilled lizards
  11 rats
150 creatures vanquished.

Notes
Turn   | Place    | Note
-------+----------+-------------------------------------------
     0 | D:1      | Chiseanne the Demonspawn Wizard began the quest for the Orb.
     0 | D:1      | Reached XP level 1. HP: 13/13 MP: 4/4
   417 | D:1      | Gained mutation: You are immune to rotting. [demonic ancestry]
   417 | D:1      | Reached XP level 2. HP: 6/19 MP: 0/6
  1410 | D:2      | Gained mutation: You are surrounded by a mild repulsion field. (EV +2) [demonic ancestry]
  1410 | D:2      | Reached XP level 3. HP: 24/24 MP: 4/8
  1999 | D:2      | Noticed Robin
  2007 | D:2      | Reached XP level 4. HP: 24/30 MP: 3/9
  2219 | D:3      | Learned a level 2 spell: Blink
  2223 | D:3      | Learned a level 3 spell: Conjure Flame
  2227 | D:3      | Learned a level 3 spell: Mephitic Cloud
  2612 | D:3      | Noticed Sigmund
  2626 | D:3      | Gained mutation: You are surrounded by a moderate repulsion field. (EV +3) [demonic ancestry]
  2626 | D:3      | Reached XP level 5. HP: 35/35 MP: 2/11
  2910 | D:2      | Found a bloodstained altar of Trog.
  3117 | D:2      | Killed Robin
  3602 | D:3      | Killed Sigmund
  3602 | D:3      | Reached skill level 5 in Spellcasting
  3602 | D:3      | Gained mutation: You are surrounded by a strong repulsion field. (EV +4, RMsl) [demonic ancestry]
  3602 | D:3      | Reached XP level 6. HP: 29/41 MP: 1/13
  4035 | D:4      | Found a glowing golden altar of the Shining One.
  4197 | D:4      | Reached skill level 5 in Conjurations
  4473 | D:4      | Reached XP level 7. HP: 46/46 MP: 7/15
  4562 | D:4      | Found Ostraac's Weapon Shop.
  4883 | D:4      | Noticed Blork the orc
  4914 | D:4      | Killed Blork the orc
  5708 | D:5      | Entered Level 5 of the Dungeon
  6114 | D:5      | Reached XP level 8. HP: 52/52 MP: 8/18
  6291 | D:5      | Found a stormy altar of Qazlal.
  6292 | D:5      | Noticed an air elemental
  6551 | D:5      | Noticed Grinder
  6559 | D:5      | Paralysed by Grinder for 2 turns
  6565 | D:5      | Killed Grinder
  6679 | D:5      | Found a runed door.
  6940 | D:5      | Noticed Crazy Yiuf
  6945 | D:5      | Killed Crazy Yiuf
  7207 | D:6      | Found an iron altar of Okawaru.
  7430 | D:6      | Found a staircase to the Ecumenical Temple.
  7485 | Temple   | Entered the Ecumenical Temple
  7756 | D:6      | Found an ancient bone altar of Kikubaaqudgha.
  8445 | D:7      | Reached XP level 9. HP: 57/57 MP: 11/21
  8620 | D:7      | Noticed Menkaure
  8766 | D:6      | Mangled by Menkaure

Skill      XL: |  1  2  3  4  5  6  7  8 |
---------------+-------------------------+-----
Conjurations   | 2 3 4 5 6 8 |  8.6
Spellcasting   | 4 5 6 8 |  8.3
Dodging        | |  1.7
Stealth        | |  1.7
Summonings     | |  1.0
Translocations | |  0.8

Action                   |  1- 3 |  4- 6 |  7- 9 || total
-------------------------+-------+-------+-------++-------
Melee: Club              |    25 |    23 |       ||    48
       Dagger            |       |    17 |       ||    17
       Hand axe          |       |       |    13 ||    13
 Fire: Hunting sling     |       |       |    10 ||    10
 Cast: Magic Dart        |    96 |   161 |   242 ||   499
       Mephitic Cloud    |       |     1 |     5 ||     6
       Conjure Flame     |       |       |     5 ||     5
       Blink             |       |       |     2 ||     2
  Use: Scroll            |     3 |     5 |     3 ||    11
       Potion            |       |     2 |       ||     2
  Eat: Chunk             |     3 |     8 |    13 ||    24
Armor: Robe              |     9 |     7 |    12 ||    28
Dodge: Dodged            |    42 |    52 |    70 ||   164
